 Dungeon Crawl Stone Soup version 0.32-a0-975-g85d4e5bfdb (webtiles) character file.

Game seed: 3252062504259419286

168 PriceMaster the Sneak (level 5, -1/24 HPs)
             Began as a Spriggan Enchanter on Apr 19, 2024.
             Slain by Edmund
             ... wielding a +5 antimagic dire flail
              (13 damage)
             ... on level 4 of the Dungeon.
             The game lasted 00:04:08 (1655 turns).

PriceMaster the Sneak (Spriggan Enchanter)          Turns: 1655, Time: 00:04:08

Health: -1/24      AC:  2    Str:  4    XL:     5   Next: 23%
Magic:  1/11       EV: 17    Int: 25    God:
Gold:   32         SH:  0    Dex: 15    Spells: 4/11 levels left

rFire   + . .        a - +1 dagger (flame)
rCold   . . .        (no shield)
rNeg    . . .        b - +0 robe
rPois   .            (helmet restricted)
rElec   .            (no cloak)
rCorr   .            (gloves unavailable)
SInv    +            (boots unavailable)
Will    .....        (no amulet)
Stlth   +++          g - ring of protection from fire
HPRegen 0.24/turn    h - +6 ring of intelligence
MPRegen 0.12/turn

%: no passive effects
@: very quick
A: very small, no large weapons, unfitting armour, see invisible, speed 3
a: no special abilities


You were on level 4 of the Dungeon.
You visited 1 branch of the dungeon, and saw 3 of its levels.

You collected 32 gold pieces.

Inventory:

Hand Weapons
 a - a +1 dagger of flaming (weapon)
Armour
 b - a +0 robe (worn)
Jewellery
 g - a ring of protection from fire (left hand)
 h - a +6 ring of intelligence (right hand)
Scrolls
 j - a scroll of enchant armour {unknown}
 k - a scroll of identify {unknown}
 l - 2 scrolls of teleportation {unknown}
Potions
 c - a potion of enlightenment {unknown}
 d - a potion of brilliance {unknown}
 f - a potion of attraction {unknown}
 i - a potion of heal wounds {unknown}


   Skills:
 + Level 2.0 Short Blades
 + Level 3.4 Dodging
 + Level 6.1 Stealth
 + Level 3.7 Spellcasting
 + Level 4.6 Hexes
 + Level 1.0 Ice Magic


You had 4 spell levels left.
You knew the following spells:

 Your Spells              Type           Power      Damage    Failure   Level
a - Ensorcelled Hibernat  Hex/Ice        36%        N/A       4%          2
b - Jinxbite              Hex            56%        N/A       1%          2
c - Dazzling Flash        Conj/Hex       32%        N/A       11%         3

Your spell library contained the following spells:

 Spells                   Type           Power      Damage    Failure   Level
 Confusing Touch          Hex            28%        N/A       4%          3
 Tukima's Dance           Hex            28%        N/A       4%          3
 Apportation              Tloc           8%         N/A       10%         1
 Brom's Barrelling Bould  Conj/Erth      4%         2d3       67%         4
 Alistair's Intoxication  Alch           2%         N/A       95%         5
 Bombard                  Conj/Erth      2%         9d1       100%        6
 Seismic Cannonade        Alch/Erth      2%         6d4       100%        7


Dungeon Overview and Level Annotations

Branches:
Dungeon (2/15)

Altars:

Shops:
D:2 [

Annotations:
D:2 Natasha, Robin, Terence
D:4 Edmund, Pikel


Innate Abilities, Weirdness & Mutations

You are very small and have problems with some larger weapons.
You are too small for most types of armour.
You have supernaturally acute eyesight. (SInv)
You cover ground extremely quickly. (Speed+++)


Message History

You kill the orc!
No target in view!
No target in view!
This spell is quite dangerous to cast!
You start memorising the spell.
You continue memorising. x3
You finish memorising.
Spell assigned to 'c'.
c - a blue potion Edmund the Younger comes into view.
He is wielding a +5 antimagic dire flail.
Edmund is nearby!
Edmund is nearby!
Casting: Ensorcelled Hibernation (safe; 4% risk of failure)
Confirm with . or Enter, or press ? or * to list all spells.
You don't know that spell.
The helpless Edmund fails to defend himself.
You impale Edmund!! You burn Edmund.
Edmund is severely wounded.
Edmund hits you with a +5 antimagic dire flail!
Ouch! That really hurt!
You feel your power leaking away.
You are too injured to fight recklessly!
Casting: Ensorcelled Hibernation (safe; 4% risk of failure)
Confirm with . or Enter, or press ? or * to list all spells.
You don't know that spell.
Casting: Ensorcelled Hibernation (safe; 4% risk of failure)
Confirm with . or Enter, or press ? or * to list all spells.
Casting: Dazzling Flash (quite dangerous; 11% risk of failure)
Press: ? - help, Dir - look around, f - activate Edmund is dazzled.
Casting: Dazzling Flash (quite dangerous; 11% risk of failure)
Confirm with . or Enter, or press ? or * to list all spells.
You don't have enough magic to cast this spell.
Casting: Dazzling Flash (quite dangerous; 11% risk of failure)
Confirm with . or Enter, or press ? or * to list all spells.
You don't have enough magic to cast this spell.
You hit Edmund but do no damage.
Edmund is severely wounded.
Edmund hits you with a +5 antimagic dire flail!
Ouch! That really hurt!
You die...
Edmund whines, "They better pay attention to me now!"

#.###................
#. ##.######.#######
. #.# #.# #.# #.# #.
#.# #.# #.# #.#
##.#.####@#
........@.#
###.#######


You could see Edmund (blind, unable to see you).

Vanquished Creatures
  An ogre (D:4)
  A bombardier beetle (D:4)
  4 orcs (D:4)
  4 endoplasms
  2 giant cockroaches
  5 goblins
  3 hobgoblins
  3 jackals (D:1)
  A quokka (D:1)
  6 ball pythons
  5 bats
  2 frilled lizards
  4 kobolds
  A rat (D:1)
42 creatures vanquished.

Notes
Turn   | Place    | Note
-------+----------+-------------------------------------------
     0 | D:1      | PriceMaster the Spriggan Enchanter began the quest for the
                  | Orb.
     0 | D:1      | Reached XP level 1. HP: 9/9 MP: 5/5
   295 | D:1      | Reached XP level 2. HP: 11/13 MP: 6/6
   316 | D:1      | Learned a level 2 spell: Ensorcelled Hibernation
   337 | D:1      | Found a faded altar of an unknown god.
   378 | D:1      | Reached skill level 5 in Stealth
   577 | D:1      | Learned a level 2 spell: Jinxbite
  1020 | D:2      | Reached XP level 3. HP: 12/16 MP: 5/8
  1023 | D:2      | Noticed Natasha
  1097 | D:2      | Noticed Robin
  1106 | D:2      | Noticed Terence
  1112 | D:2      | Found Moeroabu's Armour Shop.
  1118 | D:2      | You fall into a shaft and drop 2 floors!
  1251 | D:4      | Noticed a lemure
  1251 | D:4      | Noticed a lemure
  1253 | D:4      | Noticed a lemure
  1258 | D:4      | Noticed Pikel
  1275 | D:4      | Noticed a lemure
  1346 | D:4      | Noticed an ogre
  1488 | D:4      | Killed an ogre
  1489 | D:4      | Reached skill level 6 in Stealth
  1489 | D:4      | Reached XP level 4. HP: 21/21 MP: 2/10
  1503 | D:4      | Reached skill level 1 in Ice Magic
  1503 | D:4      | Reached XP level 5. HP: 11/24 MP: 2/11
  1632 | D:4      | Learned a level 3 spell: Dazzling Flash
  1648 | D:4      | Noticed Edmund
  1655 | D:4      | Slain by Edmund

Illustrated notes

Levels and vault maps discovered:
D:1:      dpeg_chamrin_arrival_tetris, layout_loops_ring,
          chequers_ecumenical_altar_grove
D:2:      layout_basic, basic_altar, serial_shops, shop, uniq_robin,
          uniq_natasha, uniq_terence
D:4:      old_forge, layout_basic, minmay_cut_off, uniq_edmund, uniq_pikel

Skill      XL: |  1  2  3  4 |
---------------+-------------+-----
Stealth        | 5 6 |  6.1
Hexes          | 4 |  4.6
Spellcasting   | 3 |  3.7
Short Blades   | 2 |  2.0
Dodging        | 3 |  3.4
Ice Magic      | 1 |  1.0

Action                     |  1- 3 |  4- 6 || total
---------------------------+-------+-------++-------
  Melee: Dagger            |   125 |    16 ||   141
   Cast: Ensorcelled Hiber |    19 |     2 ||    21
         Jinxbite          |     4 |       ||     4
         Dazzling Flash    |       |     1 ||     1
    Use: Potion            |     2 |       ||     2
         Scroll            |     2 |       ||     2
   Stab: Sleeping          |    12 |     2 ||    14
         Invisible         |     1 |       ||     1
 Armour: Robe              |    34 |     5 ||    39
  Dodge: Dodged            |   125 |     6 ||   131

Table legend: (Time is in decaauts)
 A = Elapsed time spent in this place.
 B = Non-inter-level travel time spent in this place.
 C = Inter-level travel time spent in this place.
 D = Time resting spent in this place.
 E = Time spent auto-exploring this place.
 F = Levels seen in this place.
 G = Mean time per level.
                   A        B        C        D        E       F      G
               +--------+--------+--------+--------+--------+-----+--------+
         Total |   1275 |   1266 |      9 |    314 |    583 |   3 |  425.0 |
       Dungeon |   1275 |   1266 |      9 |    314 |    583 |   3 |  425.0 |
               +--------+--------+--------+--------+--------+-----+--------+

Top non-repeatable levels by time:
     D:1: 674 daAuts
     D:4: 466 daAuts
     D:2: 134 daAuts
